 Dungeon Crawl Stone Soup version 0.31.0-12-g77e489cdc1 (webtiles) character file.

Game seed: 2214321179049009824

6 spaghetti the Charlatan (level 1, -1/15 HPs)
             Began as a Human Artificer on Feb 18, 2024.
             Slain by a goblin
             ... wielding a +0 club
              (3 damage)
             ... on level 1 of the Dungeon.
             The game lasted 00:00:29 (113 turns).

spaghetti the Charlatan (Human Artificer)            Turns: 113, Time: 00:00:29

Health: -1/15      AC:  3    Str: 12    XL:     1   Next: 90%
Magic:  1/1        EV: 11    Int: 11    God:
Gold:   0          SH:  0    Dex: 13    Spells: 0/0 levels left

rFire   . . .        a - +0 club
rCold   . . .        (no shield)
rNeg    . . .        b - +0 leather armour
rPois   .            (no helmet)
rElec   .            (no cloak)
rCorr   .            (no gloves)
SInv    .            (no boots)
Will    .....        (no amulet)
Stlth   +            (no ring)
HPRegen 0.22/turn    (no ring)
MPRegen 0.07/turn

%: no passive effects
@: no status effects
A: explore regen
a: no special abilities


You were on level 1 of the Dungeon.
You visited 1 branch of the dungeon, and saw 1 of its levels.

Inventory:

Hand Weapons
 a - a +0 club (weapon)
Armour
 b - a +0 leather armour (worn)
Wands
 c - a wand of flame (15)
 d - a wand of charming (15)
 e - a wand of iceblast (5)
Scrolls
 f - a scroll of silence {unknown}


   Skills:
 + Level 1.4 Fighting
 - Level 2.0 Armour
 - Level 1.0 Dodging
 - Level 1.0 Stealth
 + Level 3.2 Evocations


You couldn't memorise any spells.
You didn't know any spells.
Your spell library was empty.

Dungeon Overview and Level Annotations

Branches:
Dungeon (1/15)

Altars:


Innate Abilities, Weirdness & Mutations

You regain HP and MP as you explore.


Message History

You hit the kobold.
The kobold is heavily wounded.
The bat barely misses you. The kobold barely misses you.
The bat barely misses you.
You closely miss the kobold.
The kobold is heavily wounded.
The kobold shouts!
The bat completely misses you. The kobold closely misses you.
The kobold hits you with a +0 dagger.
You barely miss the kobold.
The kobold is heavily wounded.
The bat hits you.
The kobold throws a stone.
The stone closely misses you. The kobold barely misses you.
You hit the kobold.
The kobold is severely wounded.
The bat barely misses you. The kobold barely misses you.
The goblin barely misses you.
You hit the kobold but do no damage.
The kobold is severely wounded.
The bat barely misses you. The kobold completely misses you.
The goblin closely misses you. The kobold hits you with a +0 dagger.
You miss the kobold.
The kobold is severely wounded.
The bat barely misses you. The goblin closely misses you. The bat hits you.
The kobold barely misses you. The goblin hits you with a +0 club.
You hit the kobold but do no damage.
The kobold is severely wounded.
The bat hits you but does no damage. The kobold closely misses you.
The goblin closely misses you.
The kobold throws a stone.
The stone closely misses you.
You hit the kobold.
You kill the kobold!
The bat hits you. The goblin barely misses you. The bat misses you.
You are too injured to fight recklessly!
You hit the goblin.
The goblin is moderately wounded.
The bat completely misses you. The goblin hits you with a +0 club.
* * * LOW HITPOINT WARNING * * *
The goblin hits you with a +0 club.
You die...

#!...~≈≈≈≈≈≈≈≈≈≈≈≈≈≈≈≈
#^...~≈≈#+#'#≈≈≈≈≈≈≈#
#....~≈≈+...##'###+##
#....≈≈≈+...#.†.....#
#....~≈≈#+#'#.#####.#
#.....~≈≈≈#...#...#
#...⌠..~≈~'.⌠.'.<.#
#...b..~~≈'.⌠.'...#
#...g@~≈≈≈#...#...#
......)≈≈≈#+###.#####.#
.......K≈≈+ +.......+
..#....~≈≈+ ##'###+## .
#....~≈≈# ≈≈≈ #....~≈≈≈
≈≈≈≈≈ #....~≈≈≈≈
≈≈≈≈≈≈≈
#....~~≈≈≈~~~~~~≈~~
.....K....$


You could see a goblin, a bat and a kobold.

Vanquished Creatures
  2 bats (D:1)
  A hobgoblin (D:1)
  A kobold (D:1)
  A ball python (D:1)
  A rat (D:1)
6 creatures vanquished.

Notes
Turn   | Place    | Note
-------+----------+-------------------------------------------
     0 | D:1      | spaghetti the Human Artificer began the quest for the Orb.
     0 | D:1      | Reached XP level 1. HP: 15/15 MP: 1/1
   113 | D:1      | Slain by a goblin

Illustrated notes

Levels and vault maps discovered:
D:1:      dpeg_arrival_castle, layout_rooms

Action                     || total
---------------------------++-------
  Melee: Club              ||    44
 Armour: Leather armour    ||    49
  Dodge: Dodged            ||    73
